 Dungeon Crawl Stone Soup version 0.32-a0-818-gb728d0252e (webtiles) character file.

Game seed: 6228524681759070114

18650 hikkokomori the Prestidigitator (level 12, -4/95 HPs)
             Began as a Coglin Alchemist on Mar 23, 2024.
             Was an Elder of Vehumet.
             Killed from afar by a gargoyle (26 damage)
             ... with a stone arrow
             ... on level 12 of the Dungeon.
             The game lasted 00:45:43 (14338 turns).

hikkokomori the Prestidigitator (Coglin Alchemist) Turns: 14338, Time: 00:45:43

Health: -4/95      AC: 11    Str:  8    XL:     12   Next: 60%
Magic:  14/22      EV: 13    Int: 19    God:    Vehumet [****..]
Gold:   152        SH:  0    Dex: 16    Spells: 4/25 levels left

rFire   . . .        l - +2 dagger (venom) {Hondscioh}
rCold   . . .        f - +2 short sword (flame) {Amala}
rNeg    . . .        U - +2 robe {Will+}
rPois   .            j - +2 helmet {SInv}
rElec   .            E - +1 cloak
rCorr   .            V - +0 pair of gloves
SInv    +            H - +0 pair of boots
Will    +....        (amulet unavailable)
Stlth   +++          (ring unavailable)
HPRegen 0.35/turn    (ring unavailable)
MPRegen 0.18/turn    (no gizmo)

%: no passive effects
@: revving
A: off-hand wielding, slow wielding, warmup strikes, no jewellery
a: Invent Gizmo, Renounce Religion


You were on level 12 of the Dungeon.
You worshipped Vehumet.
Vehumet was greatly pleased with you.
You visited 2 branches of the dungeon, and saw 13 of its levels.

You collected 808 gold pieces.
You spent 656 gold pieces at shops.

Inventory:

Hand Weapons
 f - a +2 short sword of flaming (offhand) {Amala}
 l - a +2 dagger of venom (weapon) {Hondscioh}
 J - a +2 short sword of draining
 X - the +10 dark maul {heavy}
   (You took it off a two-headed ogre on level 11 of the Dungeon)
Missiles
 g - 9 atropa-tipped darts
 s - 10 curare-tipped darts
 t - 3 throwing nets
 v - 12 darts of dispersal
Armour
 j - a +2 helmet of see invisible (worn)
 z - a +2 robe of fire resistance
 E - a +1 cloak (worn)
 H - a +0 pair of boots (worn)
 I - +0 steam dragon scales
 P - a +1 robe of cold resistance
 U - a +2 robe of willpower (worn)
 V - a +0 pair of gloves (worn)
Wands
 q - a wand of polymorph (7)
 C - a wand of light (6)
 D - a wand of paralysis (12)
 M - a wand of roots (16)
 Q - a wand of flame (19)
Scrolls
 a - 2 scrolls of poison {unknown}
 m - a scroll of vulnerability {unknown}
 o - 2 scrolls of blinking
 p - 2 scrolls of enchant weapon
 u - a scroll of torment {unknown}
 x - a scroll of noise {unknown}
 A - 2 scrolls of teleportation
 B - a scroll of silence
 F - a scroll of fear {unknown}
 K - a scroll of enchant armour {unknown}
 N - a scroll of fog {unknown}
 R - 2 scrolls of revelation {unknown}
 S - a scroll of immolation
 W - a scroll of summoning
Potions
 b - a potion of magic
 c - a potion of enlightenment
 d - a potion of might
 e - a potion of lignification
 h - 3 potions of curing
 i - 2 potions of haste
 k - a potion of ambrosia
 n - a potion of heal wounds
 r - a potion of berserk rage
 w - 4 potions of attraction
 G - a potion of resistance
 O - 5 potions of brilliance
 T - a potion of degeneration
Miscellaneous
 L - a lightning rod (4/4)


   Skills:
 - Level 9.0 Fighting
 - Level 6.1 Short Blades
 - Level 2.0 Throwing
 - Level 2.0 Armour
 + Level 4.7 Dodging
 - Level 4.0 Stealth
 + Level 7.1 Spellcasting
 - Level 4.0 Conjurations
 - Level 3.0 Hexes
 - Level 3.0 Translocations
 - Level 3.0 Fire Magic
 - Level 4.0 Air Magic
 - Level 8.0 Alchemy
 + Level 9.9 Evocations


You had 4 spell levels left.
You knew the following spells:

 Your Spells              Type           Power      Damage    Failure   Level
a - Sting                 Conj/Alch      100%       1d9       1%          1
b - Ignite Poison         Fire/Alch      27%        N/A       3%          4
c - Mephitic Cloud        Conj/Alch/Air  27%        N/A       1%          3
d - Olgreb's Toxic Radia  Alch           37%        N/A       1%          4
f - Blink                 Tloc           36%        N/A       4%          2
g - Inner Flame           Hex/Fire       18%        N/A       2%          3
h - Airstrike             Air            10%        2d(2-18)  5%          4

Your spell library contained the following spells:

 Spells                   Type           Power      Damage    Failure   Level
 Volatile Blastmotes      Fire/Tloc      36%        2d13      2%          3
 Mercury Vapours          Alch/Air       58%        N/A       1%          2
 Momentum Strike          Conj/Tloc      40%        3d9       1%          2
 Scorch                   Fire           36%        2d6       1%          2
 Freeze                   Ice            24%        1d4       2%          1
 Sandblast                Erth           12%        2d6       2%          1
 Slow                     Hex            72%        N/A       3%          1
 Cigotuvi's Dreadful Rot  Necr/Alch/Air  42%        N/A       3%          2
 Hailstorm                Conj/Ice       14%        3d6       3%          3
 Stone Arrow              Conj/Erth      28%        3d8       3%          3
 Sticky Flame             Fire/Alch      27%        2d7       3%          4
 Lesser Beckoning         Tloc           36%        N/A       4%          2
 Flame Wave               Conj/Fire      20%        2d7       7%          4
 Confusing Touch          Hex            18%        N/A       9%          3
 Frozen Ramparts          Ice            12%        1d2       9%          3
 Brom's Barrelling Bould  Conj/Erth      14%        2d4       12%         4
 Call Imp                 Summ           12%        N/A       16%         2
 Sublimation of Blood     Necr           6%         N/A       16%         2
 Ozocubu's Armour         Ice            6%         N/A       30%         3
 Summon Ice Beast         Ice/Summ       6%         N/A       30%         3
 Vampiric Draining        Necr           6%         2d6       30%         3
 Animate Dead             Necr           6%         N/A       69%         4
 Summon Mana Viper        Hex/Summ       12%        N/A       83%         5
 Borgnjor's Vile Clutch   Necr/Erth      3%         N/A       95%         5
 Permafrost Eruption      Ice/Erth       3%         2x4d2     97%         6
 Death Channel            Necr           3%         N/A       100%        6
 Summon Cactus Giant      Summ           3%         N/A       100%        6
 Monstrous Menagerie      Summ           3%         N/A       100%        7
 Summon Hydra             Summ           3%         N/A       100%        7
 Ignition                 Fire           9%         3d5       100%        8


Dungeon Overview and Level Annotations

Branches:
Dungeon (12/15)            Temple (1/1) D:5            Lair (0/5) D:11
    Orc (0/2) D:11

Altars:
Ashenzari
Cheibriados
Dithmenos
Elyvilon
Fedhas
Gozag
Hepliaklqana
Kikubaaqudgha
Makhleb
Nemelex Xobeh
Okawaru
Qazlal
Ru
Sif Muna
Trog
Uskayaw
Vehumet
Wu Jian
Xom
Yredelemnul
Zin
The Shining One

Shops:
D:5 =   D:6 *   D:10 !:*!*

Portals:
Trove: D:11 (give +3 gold dragon scales)

Annotations:
D:6 3 runed translucent doors, hecktor's ghost, amateur OpHu
D:8 2 transporters, exclusion: downstairs, Fodor's ghost, novice MiFi


Innate Abilities, Weirdness & Mutations

You can wield a second weapon in your off-hand.
It takes a long time for you to wield or remove held weapons.
Your first few attacks do less damage.
You cannot equip rings or amulets.


Message History

Confirm with . or Enter, or press ? or * to list all spells.
You ignite the poison in your surroundings!
The gargoyle is engulfed in blazing flames.
The gargoyle hurls a stone arrow at you.
The stone arrow hits you!!
You hit the gargoyle but do no damage.
The gargoyle is heavily damaged.
You hit the gargoyle with your +2 dagger of venom.
You closely miss the gargoyle with your +2 short sword of flaming.
The gargoyle is heavily damaged.
You hit the gargoyle but do no damage.
The gargoyle is engulfed in blazing flames.
The gargoyle hurls a stone arrow at you.
The stone arrow hits you!
You barely miss the gargoyle with your +2 short sword of flaming.
The gargoyle is severely damaged.
You hit the gargoyle but do no damage. The gargoyle barely misses you.
You hit the gargoyle but do no damage.
The gargoyle is severely damaged.
You hit the gargoyle but do no damage.
You closely miss the gargoyle with your +2 dagger of venom.
The gargoyle is severely damaged.
You closely miss the gargoyle with your +2 short sword of flaming.
The gargoyle is engulfed in blazing flames.
The gargoyle hurls a stone arrow at you.
The stone arrow hits you!
* * * LOW HITPOINT WARNING * * *
You feel better. The gargoyle hits you with a +0 flail!
* * * LOW HITPOINT WARNING * * *
Press: ? - help, v - describe, . - travel
Here: a gargoyle, wielding a +0 flail (flame, severely damaged)
The floor.
Aiming: Paralyse
Press: ? - help, Shift-Dir - straight line, f - gargoyle
Aim: a gargoyle, wielding a +0 flail (flame, severely damaged, chance to affect: 53%)
The gargoyle resists with significant effort.
The gargoyle is engulfed in blazing flames.
The gargoyle hurls a stone arrow at you.
The stone arrow hits you!!
You die...

#.....#.# #
#.#####.###
#.....#...#
#.#######.#
#.#[....#.#
#.#.###.#.#
#...# #...#
#####.###.#
#.....9@..#
######+####


You could see a gargoyle.

Vanquished Creatures
  Gastronok (D:8)
  A hydra (D:12)
  2 boulder beetles
  4 two-headed ogres
  Pikel (D:8)
  An oklob plant (D:11)
  2 cyclopes (D:11)
  Maurice (D:7)
  Joseph (D:8)
  Jeremiah (D:7)
  2 unseen horrors (D:10)
  A komodo dragon (D:10)
  A kobold demonologist (D:10)
  Psyche (D:9)
  2 trolls
  A hornet (D:9)
  A shadow (D:9)
  Sigmund (D:2)
  4 wraiths
  2 wyverns (D:9)
  14 yaks
  A warg (D:11)
  A human (D:11)
  3 steam dragons
  2 acid dragons
  Duvessa (D:4)
  3 water moccasins
  9 orc warriors
  2 black bears
  An ice beast (D:8)
  2 ogres
  2 lemures (D:8)
  3 centaurs
  3 kobold brigands
  2 phantoms
  Blork the orc (D:5)
  2 gnoll sergeants
  2 scorpions
  2 bullfrogs
  2 wights
  Dowan (D:3)
  10 killer bees
  3 howler monkeys
  2 jellies
  13 orc priests
  A hound (D:7)
  A gnoll bouda (D:7)
  A sleepcap (D:7)
  Natasha (thrice) (D:3)
  19 orc wizards
  4 iguanas
  Robin (D:3)
  9 adders
  11 gnolls
  A shadow imp (D:7)
  4 white imps
  A dart slug (D:1)
  2 ribbon worms (D:2)
  45 orcs
  7 ball pythons
  5 endoplasms
  3 giant cockroaches
  14 goblins
  7 hobgoblins
  3 jackals (D:3)
  24 kobolds
  3 bats
  4 frilled lizards
  4 rats
295 creatures vanquished.

Notes
Turn   | Place    | Note
-------+----------+-------------------------------------------
     0 | D:1      | hikkokomori the Coglin Alchemist began the quest for the
                  | Orb.
     0 | D:1      | Reached XP level 1. HP: 13/13 MP: 3/3
    63 | D:1      | Got the Reference Book on Frostbite and the Iliaster
   250 | D:1      | Reached skill level 1 in Conjurations
   290 | D:1      | Reached XP level 2. HP: 18/19 MP: 1/4
   859 | D:2      | Noticed Sigmund
   868 | D:2      | Learned a level 2 spell: Cigotuvi's Dreadful Rot
   880 | D:2      | Killed Sigmund
   881 | D:2      | Reached XP level 3. HP: 8/24 MP: 1/7
   881 | D:2      | Reached XP level 4. HP: 10/30 MP: 1/8
   881 | D:2      | Reached XP level 5. HP: 11/35 MP: 1/9
  2369 | D:3      | Noticed Natasha
  2377 | D:3      | Killed Natasha
  2378 | D:3      | Reached XP level 6. HP: 30/41 MP: 4/10
  2462 | D:3      | Noticed Robin
  2549 | D:3      | Killed Robin
  2673 | D:3      | Found a bloodstained altar of Trog.
  2844 | D:3      | Noticed Natasha
  2853 | D:3      | Killed Natasha
  2944 | D:3      | Learned a level 3 spell: Mephitic Cloud
  2949 | D:3      | Learned a level 4 spell: Olgreb's Toxic Radiance
  3241 | D:3      | Noticed Natasha
  3247 | D:3      | Killed Natasha
  3267 | D:4      | Noticed Duvessa
  3273 | D:4      | Noticed Dowan
  3279 | D:4      | Killed Duvessa
  3280 | D:4      | Reached skill level 1 in Fighting
  3280 | D:4      | Reached skill level 1 in Air Magic
  3280 | D:4      | Reached skill level 5 in Alchemy
  3280 | D:4      | Reached XP level 7. HP: 40/48 MP: 1/11
  3292 | D:3      | Killed Dowan
  3905 | D:5      | Entered Level 5 of the Dungeon
  3992 | D:5      | Reached XP level 8. HP: 56/56 MP: 13/13
  4457 | D:5      | Noticed Blork the orc
  4466 | D:5      | Killed Blork the orc
  4527 | D:5      | Found a staircase to the Ecumenical Temple.
  4545 | Temple   | Entered the Ecumenical Temple
  4564 | Temple   | Became a worshipper of Vehumet
  4673 | D:5      | Found Ilukleul's Jewellery Boutique.
  4764 | D:5      | Found a glowing golden altar of the Shining One.
  4778 | D:5      | Found a hazy altar of Hepliaklqana.
  4919 | D:5      | Reached skill level 1 in Short Blades
  5533 | D:6      | Found a runed translucent gate.
  5535 | D:6      | Found a runed translucent gate.
  5536 | D:6      | Found a runed translucent gate.
  5662 | D:6      | Noticed hecktor's ghost (amateur OpHu)
  5695 | D:6      | Reached * piety under Vehumet
  5695 | D:6      | Offered knowledge of Freeze by Vehumet.
  5811 | D:6      | Reached XP level 9. HP: 13/65 MP: 2/15
  6175 | D:6      | Found Fefot's Assorted Antiques.
  6430 | D:6      | Found an ancient bone altar of Kikubaaqudgha.
  6457 | D:6      | Found a burning altar of Makhleb.
  6459 | D:6      | Found a shadowy altar of Dithmenos.
  6462 | D:6      | Found a blossoming altar of Fedhas.
  6651 | D:7      | Reached skill level 5 in Fighting
  6760 | D:7      | Noticed Jeremiah
  6773 | D:7      | Killed Jeremiah
  7179 | D:7      | Reached skill level 5 in Short Blades
  7261 | D:7      | Noticed Maurice
  7262 | D:7      | Offered knowledge of Scorch by Vehumet.
  7270 | D:7      | Reached ** piety under Vehumet
  7380 | D:7      | Killed Maurice
  7621 | D:7      | Reached XP level 10. HP: 73/79 MP: 12/16
  7774 | D:7      | Learned a level 2 spell: Scorch
  7777 | D:7      | Learned a level 2 spell: Blink
  7943 | D:7      | Reached skill level 1 in Evocations
  7950 | D:7      | Reached skill level 1 in Translocations
  8523 | D:8      | Offered knowledge of Inner Flame by Vehumet.
  8529 | D:8      | Reached skill level 1 in Fire Magic
  8543 | D:8      | Learned a level 3 spell: Inner Flame
  8546 | D:8      | Noticed a boulder beetle
  8556 | D:8      | HP: 1/79 [boulder beetle (16)]
  8806 | D:8      | Killed a boulder beetle
  8807 | D:8      | Reached skill level 1 in Hexes
  8874 | D:8      | Noticed Pikel
  8880 | D:8      | Killed Pikel
  9052 | D:8      | Found a transporter.
  9092 | D:8      | Noticed Fodor's ghost (novice MiFi)
  9104 | D:8      | Noticed Gastronok
  9135 | D:8      | Killed Gastronok
  9136 | D:8      | Reached XP level 11. HP: 55/87 MP: 9/17
  9210 | D:8      | Found a basalt altar of Yredelemnul.
  9425 | D:8      | Reached *** piety under Vehumet
  9649 | D:8      | Noticed Joseph
  9663 | D:8      | Killed Joseph
  9887 | D:8      | Found a transporter.
 10390 | D:9      | Offered knowledge of Airstrike by Vehumet.
 10391 | D:9      | Reached skill level 5 in Spellcasting
 10678 | D:9      | Noticed Psyche
 10686 | D:9      | Killed Psyche
 10776 | D:9      | Learned a level 4 spell: Airstrike
 10977 | D:10     | Entered Level 10 of the Dungeon
 11001 | D:10     | Found Hesid's Distillery.
 11014 | D:10     | Bought a potion of brilliance for 56 gold pieces
 11014 | D:10     | Bought a potion of lignification for 42 gold pieces
 11062 | D:10     | Found Fibremn's Book Emporium.
 11071 | D:10     | Bought an Everburning Encyclopedia for 456 gold pieces
 11078 | D:10     | Learned a level 4 spell: Ignite Poison
 11161 | D:10     | Found Qaukaawny's Distillery.
 11204 | D:10     | Found a hide-covered altar of Uskayaw.
 11216 | D:10     | Noticed a boulder beetle
 11229 | D:10     | Killed a boulder beetle
 11682 | D:10     | Found Waetim's Assorted Antiques.
 11740 | D:10     | Found Jixkem's General Store.
 11962 | D:10     | Bought 3 scrolls of identify for 102 gold pieces
 12101 | D:10     | Noticed a two-headed ogre
 12107 | D:10     | Killed a two-headed ogre
 12566 | D:11     | Noticed a cyclops
 12572 | D:11     | Killed a cyclops
 12573 | D:11     | Reached XP level 12. HP: 95/95 MP: 5/22
 12681 | D:11     | Reached skill level 1 in Armour
 12782 | D:11     | Found a staircase to the Orcish Mines.
 12784 | D:11     | Reached **** piety under Vehumet
 12790 | D:11     | Offered knowledge of Volatile Blastmotes by Vehumet.
 12924 | D:11     | Found a staircase to the Lair.
 13417 | D:11     | Reached skill level 1 in Throwing
 13526 | D:11     | Noticed a two-headed ogre
 13535 | D:11     | Killed a two-headed ogre
 13834 | D:11     | Noticed a two-headed ogre
 13834 | D:11     | Noticed a two-headed ogre
 13840 | D:11     | Killed a two-headed ogre
 13840 | D:11     | Killed a two-headed ogre
 14109 | D:11     | Found a portal to a secret trove of treasure.
 14316 | D:12     | Noticed a six-headed hydra
 14322 | D:12     | Killed a six-headed hydra
 14338 | D:12     | Killed from afar by a gargoyle

Illustrated notes

Levels and vault maps discovered:
D:1:      dpeg_arrival_three_same_balls, layout_basic, minmay_box_of_dots
D:2:      layout_basic, serial_corexii_hall, chequers_hall_statues_y,
          chequers_hall_statues_y, uniq_sigmund
D:3:      layout_loops_ring, bloody_trog, uniq_robin, uniq_natasha
D:4:      layout_cave_pools, uniq_duvessa
D:5:      layout_loops_ring, gammafunk_temple_overflow_pools,
          minmay_temple_entry_antechambers, serial_aquarium,
          aquarium_bridge_straight [aquarium_subvault_bridge,
          aquarium_subvault_wall, aquarium_subvault_bridge,
          aquarium_subvault_wall], aquarium_bridge_island_small
          [aquarium_subvault_small_open, aquarium_subvault_bridge,
          aquarium_subvault_balcony, aquarium_subvault_bridge,
          aquarium_subvault_bridge], aquarium_window_2, aquarium_window_fake,
          aquarium_view_4, aquarium_balcony_5a, serial_shops, shop,
          uniq_blork_the_orc
D:6:      wander_river, layout_loops_ring, minitemple, serial_shops, shop,
          gammafunk_ghost_icy, minmay_unpleasant_kobolds
D:7:      minmay_bubble_buster, layout_loops_ring, uniq_maurice, uniq_jeremiah
D:8:      layout_loops_ring, yredelemnul_altar_generic, gammafunk_ghost_hive,
          billiards_dpeg, uniq_gastronok, uniq_joseph, uniq_pikel
D:9:      layout_rooms, kennysheep_small_circle, uniq_psyche
D:10:     layout_grid_maze, kennysheep_mini, serial_shops, shop,
          nicolae_shop_industrial_runoff, nicolae_shop_just_a_little_nook,
          nicolae_shop_industrial_runoff, shop_statue
D:11:     layout_stronghold, dpeg_oklobed_lair, erik_orc_4, enter_trove_3,
          nicolae_wand_duel, hellmonk_guarded_unrand_dark_maul
D:12:     layout_roguey, serial_undead, serial_undead_c, serial_undead_c,
          serial_undead_e, serial_undead_b, serial_undead_d, serial_undead_b,
          hangedman_parallel_progression
Temple:   oiseaux_autumnal_temple

Skill      XL: |  1  2  3  4  5  6  7  8  9 10 11 12 |
---------------+-------------------------------------+-----
Conjurations   | 1 2 3 4 |  4.0
Spellcasting   | 2 3 4 7 |  7.1
Stealth        | 2 3 4 |  4.0
Alchemy        | 4 5 6 7 8 |  8.0
Fighting       | 1 2 4 7 8 9 |  9.0
Air Magic      | 1 2 3 4 |  4.0
Short Blades   | 3 6 |  6.1
Evocations     | 6 8 9 |  9.9
Translocations | 3 |  3.0
Fire Magic     | 2 3 |  3.0
Hexes          | 3 |  3.0
Dodging        | 2 4 |  4.7
Armour         | 2 |  2.0
Throwing       | 2 |  2.0

Action                     |  1- 3 |  4- 6 |  7- 9 | 10-12 || total
---------------------------+-------+-------+-------+-------++-------
  Melee: Unarmed           |     4 |       |       |       ||     4
         Dagger            |    11 |    39 |   188 |   293 ||   531
         Short sword       |    13 |    42 |   199 |   303 ||   557
  Throw: Dart              |       |     1 |     4 |     4 ||     9
   Cast: Sting             |    19 |    81 |    37 |    11 ||   148
         Cigotuvi's Dreadf |     1 |     2 |     1 |     2 ||     6
         Mephitic Cloud    |       |     2 |    10 |    26 ||    38
         Olgreb's Toxic Ra |       |       |    18 |    51 ||    69
         Scorch            |       |       |       |     2 ||     2
         Inner Flame       |       |       |       |     6 ||     6
         Ignite Poison     |       |       |       |    18 ||    18
         Airstrike         |       |       |       |    15 ||    15
         Blink             |       |       |       |     2 ||     2
  Evoke: Wand              |       |       |       |    12 ||    12
    Use: Scroll            |     1 |     5 |     2 |    11 ||    19
         Potion            |     1 |       |     1 |     3 ||     5
   Stab: Sleeping          |     2 |     4 |     1 |     1 ||     8
         Confused          |       |     4 |     6 |    17 ||    27
         Invisible         |       |       |     1 |       ||     1
         Distracted        |       |       |       |     1 ||     1
         Paralysed         |       |       |       |     4 ||     4
 Armour: Robe              |     8 |    53 |   133 |   192 ||   386
  Dodge: Dodged            |    10 |    44 |    87 |   135 ||   276

Table legend: (Time is in decaauts)
 A = Elapsed time spent in this place.
 B = Non-inter-level travel time spent in this place.
 C = Inter-level travel time spent in this place.
 D = Time resting spent in this place.
 E = Time spent auto-exploring this place.
 F = Levels seen in this place.
 G = Mean time per level.
                   A        B        C        D        E       F      G
               +--------+--------+--------+--------+--------+-----+--------+
         Total |  14329 |  13822 |    507 |   1403 |  10287 |  13 | 1102.2 |
       Dungeon |  14291 |  13821 |    470 |   1403 |  10287 |  12 | 1190.9 |
        Temple |     38 |      1 |     37 |      0 |      0 |   1 |   38.0 |
               +--------+--------+--------+--------+--------+-----+--------+

Top non-repeatable levels by time:
     D:7: 1995 daAuts
    D:10: 1668 daAuts
    D:11: 1631 daAuts
     D:2: 1356 daAuts
     D:5: 1355 daAuts
     D:6: 1334 daAuts
     D:8: 1248 daAuts
     D:3: 1226 daAuts
     D:9: 990 daAuts
     D:1: 764 daAuts
     D:4: 631 daAuts
    D:12: 88 daAuts
  Temple: 38 daAuts
